 Dungeon Crawl Stone Soup version 0.21-a0-440-g28109cb (webtiles) character file.

70 mortelune the Skirmisher (level 4, -5/40 HPs)
             Began as a Minotaur Fighter on Nov 10, 2017.
             Killed from afar by Autsider's ghost (8 damage)
             ... with a stone arrow
             ... on level 3 of the Dungeon.
             The game lasted 00:07:06 (1871 turns).

mortelune the Skirmisher (Minotaur Fighter)         Turns: 1871, Time: 00:07:07

Health: -5/40      AC:  8    Str: 22    XL:     4   Next: 4%
Magic:  3/3        EV:  7    Int:  5    God:
Gold:   155        SH:  9    Dex:  9    Spells: 3/3 levels left

rFire    . . .     SeeInvis .   a - +1 war axe
rCold    . . .     Gourm    .   c - +0 shield
rNeg     + . .     Faith    .   b - +1 scale mail
rPois    .         Spirit   .   (helmet restricted)
rElec    .         Reflect  .   (no cloak)
rCorr    .         Harm     .   (no gloves)
MR       .....                  (no boots)
Stlth    ..........             (no amulet)
HPRegen  0.13/turn              h - ring of wizardry
MPRegen  0.08/turn              t - ring of positive energy

@: no status effects
A: retaliatory headbutt, horns 2
a: no special abilities


You were on level 3 of the Dungeon.
You were not hungry.

You visited 1 branch of the dungeon, and saw 3 of its levels.

You collected 155 gold pieces.

Inventory:

Hand Weapons
 a - a +1 war axe (weapon)
Armour
 b - a +1 scale mail (worn)
 c - a +0 shield (worn)
 j - a cursed +0 leather armour
Jewellery
 h - a ring of wizardry (left hand)
 t - a ring of positive energy (right hand)
 v - an uncursed ring of fire
Scrolls
 g - a scroll of enchant armour
 i - a scroll of identify
 l - 2 scrolls of magic mapping {unknown}
 n - a scroll of remove curse
 r - a scroll of enchant weapon
 w - 3 scrolls of amnesia {unknown}
 y - a scroll of random uselessness {unknown}
Potions
 d - 2 potions of might
 e - 2 potions of curing
 m - 2 potions of mutation {unknown}
 o - 3 potions of brilliance {unknown}
 p - a potion of degeneration {unknown}
 q - a potion of lignification {unknown}
 u - a potion of haste {unknown}
 x - a potion of agility {unknown}
Comestibles
 f - 4 bread rations
 k - 2 royal jellies
 s - a meat ration


   Skills:
 + Level 4.3 Fighting
 * Level 4.1 Axes
 + Level 4.2 Armour
 - Level 3.6 Shields


You had 3 spell levels left.
You didn't know any spells.

Dungeon Overview and Level Annotations

Branches:
Dungeon (3/15)

Altars:

Annotations:
D:3 Autsider's ghost, amateur GrEE


Innate Abilities, Weirdness & Mutations

You reflexively headbutt those who attack you in melee.
You have a pair of horns on your head.


Message History

Autsider's ghost gestures at you while chanting.
The stone arrow hits you!
You barely miss Autsider's ghost. Your headbutt misses Autsider's ghost.
Autsider's ghost is lightly damaged.
You block Autsider's ghost's attack. Autsider's ghost casts a spell at you.
The stone arrow hits you!
* * * LOW HITPOINT WARNING * * *
You slash Autsider's ghost! Your headbutt misses Autsider's ghost.
Autsider's ghost is heavily damaged.
Autsider's ghost points at you and mumbles some strange words.
The stone arrow hits you!
* * * LOW HITPOINT WARNING * * *
You barely miss Autsider's ghost. Your headbutt misses Autsider's ghost.
Autsider's ghost is heavily damaged.
Autsider's ghost barely misses you. You furiously retaliate!
You headbutt Autsider's ghost.
Autsider's ghost gestures at you while chanting.
The stone arrow hits you!
You die...

#....##.#####.....#.#
#..... #.#. #.#
#....##.# #.#### ...
#...###.# #.# ##..#
##..## #.# #.# #^..
.... ..# #.#
...>.....# ### #.#
#.#####..# #.#
.......W.# #.# #@.#
#.# #..# #.#
#.#####..###### #.#
#......$......# #.#
#..####..####.# #.#
........)...#.# #.#
##.#####.##.#.# ##.##
#.##.#.# #...#
#.##.#.####...###


You could see Autsider's ghost.

Vanquished Creatures
  2 adders
  An ooze (D:1)
  A worm (D:3)
  2 dart slugs (D:2)
  An orc (D:3)
  3 giant cockroaches
  3 goblins
  6 hobgoblins
  2 quokkas
  A bat (D:1)
  4 frilled lizards
  9 kobolds
  7 rats
42 creatures vanquished.

Notes
Turn   | Place    | Note
-------+----------+-------------------------------------------
     0 | D:1      | mortelune the Minotaur Fighter began the quest for the Orb.
     0 | D:1      | Reached XP level 1. HP: 19/19 MP: 0/0
   313 | D:1      | Reached XP level 2. HP: 25/27 MP: 1/1
  1073 | D:2      | Reached XP level 3. HP: 28/33 MP: 2/2
  1755 | D:3      | Reached XP level 4. HP: 40/40 MP: 3/3
  1864 | D:3      | Noticed Autsider's ghost (amateur GrEE)
  1871 | D:3      | Killed from afar by Autsider's ghost

Vault maps used:
D:1:      evilmike_arrival_hilbert_curve
D:3:      first_bread, uniq_jessica

Skill      XL: |  1  2  3 |
---------------+----------+-----
Axes           | 3 4 |  4.1
Armour         | 4 |  4.2
Fighting       | 4 |  4.3
Shields        | |  3.6

Action                   |  1- 3 |  4- 6 || total
-------------------------+-------+-------++-------
Melee: War axe           |    76 |    11 ||    87
       Headbutt          |    21 |     1 ||    22
  Use: Scroll            |     4 |       ||     4
  Eat: Chunk             |     3 |       ||     3
Armor: Scale mail        |    29 |     4 ||    33
Dodge: Dodged            |    17 |     5 ||    22
Block: Shield            |    34 |     4 ||    38

Table legend:
 A = Spawn XP
 B = Non-spawn XP
 C = Spawn XP percentage of total XP
 D = Spawn monster count
 E = Non-spawn monster count
 F = Spawn count percentage of total count
 G = Total turns spent on level
                    A         B        C        D         E        F      G
               +---------+---------+-------+---------+---------+-------+---------
         Total |       0 |     101 |   0.0 |       0 |      42 |   0.0 |  1871
               +---------+---------+-------+---------+---------+-------+---------
           D:1 |       0 |      22 |   0.0 |       0 |      13 |   0.0 |   871
           D:2 |       0 |      39 |   0.0 |       0 |      15 |   0.0 |   543
           D:3 |       0 |      40 |   0.0 |       0 |      14 |   0.0 |   457
               +---------+---------+-------+---------+---------+-------+---------
